 Dungeon Crawl Stone Soup version 0.25.0-3-gd7cc568 (webtiles) character file.

Game seed: 4183830488464990557

7728 shmeve the Blocker (level 11, -5/148 HPs)
             Began as a Minotaur Berserker on June 15, 2020.
             Was an Elder of Trog.
             Splashed by Erolcha's acid (14 damage)
             ... on level 11 of the Dungeon.
             The game lasted 00:18:03 (8656 turns).

shmeve the Blocker (Minotaur Berserker)             Turns: 8656, Time: 00:18:04

Health: -5/148     AC:  1    Str: 30    XL:     11   Next: 0%
Magic:  10/10      EV: 11    Int:  5    God:    Trog [****..]
Gold:   566        SH: 13    Dex: 14    Spells: 10/10 levels left

rFire    . . .     SeeInvis .   a - +0 hand axe
rCold    . . .     Gourm    .   q - +0 kite shield
rNeg     . . .     Faith    .   h - +0 chain mail
rPois    +         Spirit   .   H - +0 hat {MR+}
rElec    +         Reflect  .   s - +0 cloak
rCorr    .         Harm     .   I - +0 pair of gloves of Gravity {rElec rPois Dex+4}
MR       +++..                  (no boots)
Stlth    ..........             x - amulet of regeneration
HPRegen  1.74/turn              p - +6 ring of strength
MPRegen  0.12/turn              (no ring)

@: berserking, corroded, regenerating, very quick
A: retaliatory headbutt, horns 2
a: Berserk, Trog's Hand, Brothers in Arms, Renounce Religion


You were on level 11 of the Dungeon.
You worshipped Trog.
Trog was greatly pleased with you.
You were very hungry.

You visited 2 branches of the dungeon, and saw 12 of its levels.

You collected 607 gold pieces.
You spent 41 gold pieces at shops.

Inventory:

Hand Weapons
 a - a +0 hand axe (weapon)
Armour
 h - a +0 chain mail (worn)
 q - a +0 kite shield (worn)
 s - a +0 cloak (worn)
 H - a +0 hat of magic resistance (worn)
 I - the +0 pair of gloves of Gravity (worn) {rElec rPois Dex+4}
   (You found it on level 9 of the Dungeon)

   It affects your dexterity (+4).
   It insulates you from electricity.
   It protects you from poison.
Jewellery
 p - a +6 ring of strength (left hand)
 x - an amulet of regeneration (around neck)
 L - an uncursed ring of protection from fire {unknown}
Wands
 v - a wand of flame (69)
 y - a wand of acid (21)
 G - a wand of polymorph (5)
 K - a wand of clouds (6)
Scrolls
 d - 12 scrolls of identify
 g - 5 scrolls of remove curse {unknown}
 i - 3 scrolls of amnesia {unknown}
 m - 7 scrolls of teleportation {unknown}
 o - 2 scrolls of fear {unknown}
 r - a scroll of blinking {unknown}
 A - a scroll of enchant weapon {unknown}
 B - a scroll of magic mapping {unknown}
 D - 2 scrolls of enchant armour {unknown}
 E - 2 scrolls of immolation {unknown}
Potions
 b - 3 potions of lignification {unknown}
 e - 3 potions of curing {unknown}
 f - 2 potions of stabbing {unknown}
 j - 2 potions of ambrosia {unknown}
 k - a potion of brilliance {unknown}
 n - a potion of magic {unknown}
 t - a potion of mutation {unknown}
 u - 4 potions of might {unknown}
 w - a potion of flight {unknown}
 z - 4 potions of heal wounds {unknown}
 C - a potion of degeneration {unknown}
 J - a potion of cancellation {unknown}
Comestibles
 c - 22 rations
 l - 3 chunks of flesh


   Skills:
 * Level 9.9 Fighting
 * Level 9.8 Axes
 + Level 5.1 Throwing
 + Level 6.8 Armour
 + Level 6.2 Dodging
 * Level 10.9 Shields


You had 10 spell levels left.
You didn't know any spells.
Your spell library was empty.

Dungeon Overview and Level Annotations

Branches:
Dungeon (11/15)            Temple (1/1) D:7            Lair (0/6) D:8
    Orc (0/2) D:9

Altars:
Ashenzari
Elyvilon
Fedhas
Gozag
Nemelex Xobeh
Okawaru
Qazlal
Trog
Vehumet
Wu Jian
Zin

Shops:
D:7 *

Annotations:
D:11 Erolcha


Innate Abilities, Weirdness & Mutations

You reflexively headbutt those who attack you in melee.
You have a pair of horns on your head.


Message History

You are splashed with acid!
A red film seems to cover your vision as you go berserk!
You feel yourself moving faster!
You feel mighty!
You are feeling very hungry.
Erolcha zaps a wand.
The bolt of acid hits you!
* * * LOW HITPOINT WARNING * * *
The acid corrodes you!
You are splashed with acid!
* * * LOW HITPOINT WARNING * * *
You barely miss Erolcha. You headbutt Erolcha.
Erolcha is lightly wounded.
Erolcha tries to grin evilly.
You block Erolcha's attack.
You slice Erolcha!! Your headbutt misses Erolcha.
Erolcha is heavily wounded.
You hit Erolcha but do no damage.
Erolcha is heavily wounded.
Erolcha zaps a wand.
The bolt of acid hits you!!
* * * LOW HITPOINT WARNING * * *
The acid corrodes you!
You are splashed with acid!
You die...

########## #........#
#........## #..........
#.O........
######.@........
................
(............... ..
.#######.#+#####+######.
#.# ..........#. #.#
..........#. #.#
..........#. #.#
.......รท..#. #.#
...)......#.


You could see Erolcha.

Vanquished Creatures
  Gastronok (D:9)
  2 two-headed ogres (D:11)
  Joseph (D:8)
  The ghost of jejorda2 the Stinger, a novice MfVM (D:3)
  A komodo dragon (D:10)
  A spriggan (D:8)
  A wraith (D:10)
  A vampire (D:10)
  A water moccasin (D:10)
  2 orc warriors
  2 sky beasts (D:6)
  A phantom (D:9)
  An ice beast (D:8)
  3 centaurs
  9 ogres
  A big kobold (D:10)
  3 bullfrogs
  2 scorpions
  8 killer bees
  2 howler monkeys
  4 crimson imps
  2 bullfrog zombies
  4 hounds
  A quasit (D:10)
  A jelly (D:6)
  8 orc wizards
  3 iguanas
  5 worker ants
  2 hound zombies
  3 gnolls (D:3)
  12 adders
  A howler monkey skeleton (D:10)
  2 shadow imps
  2 adder zombies
  4 worms
  7 leopard geckos
  19 orcs
  2 ball pythons
  5 giant cockroaches
  13 goblins
  7 hobgoblins
  10 jackals
  5 quokkas
  4 bats
  8 frilled lizards
  13 kobolds
  A leopard gecko skeleton (D:4)
  A leopard gecko zombie (D:8)
  A quokka skeleton (D:8)
  A quokka zombie (D:5)
  8 rats
203 creatures vanquished.

Vanquished Creatures (others)
  An orc (D:7)
  A hobgoblin (D:3)
2 creatures vanquished.

Grand Total: 205 creatures vanquished

Notes
Turn   | Place    | Note
-------+----------+-------------------------------------------
     0 | D:1      | shmeve the Minotaur Berserker began the quest for the Orb.
     0 | D:1      | Reached XP level 1. HP: 19/19 MP: 0/0
   299 | D:1      | Reached XP level 2. HP: 27/27 MP: 1/1
   671 | D:2      | Reached XP level 3. HP: 33/33 MP: 2/2
   738 | D:2      | Reached skill level 1 in Throwing
   856 | D:2      | Found a glowing silver altar of Zin.
   856 | D:2      | Noticed an angel
   890 | D:2      | Reached ** piety under Trog
  1372 | D:2      | Reached XP level 4. HP: 41/41 MP: 3/3
  1561 | D:3      | Reached skill level 1 in Shields
  1718 | D:3      | Found a blossoming altar of Fedhas.
  1786 | D:3      | Reached skill level 2 in Shields
  1803 | D:3      | Found a bloodstained altar of Trog.
  1806 | D:3      | Found an ornate altar of the Wu Jian Council.
  1848 | D:3      | Reached skill level 3 in Shields
  1849 | D:3      | Reached XP level 5. HP: 29/47 MP: 4/4
  2065 | D:3      | Found a stormy altar of Qazlal.
  2084 | D:3      | Found a runed translucent door.
  2085 | D:3      | Noticed jejorda2's ghost (novice MfVM)
  2094 | D:3      | Killed jejorda2's ghost
  2094 | D:3      | Reached skill level 6 in Shields
  2094 | D:3      | Reached XP level 6. HP: 53/53 MP: 5/5
  2924 | D:4      | Reached XP level 7. HP: 58/60 MP: 6/6
  2978 | D:4      | Found an opulent altar of Gozag.
  3096 | D:4      | Reached skill level 7 in Shields
  3621 | D:5      | Entered Level 5 of the Dungeon
  3622 | D:5      | Found a sparkling altar of Nemelex Xobeh.
  3726 | D:5      | Reached skill level 5 in Fighting
  3748 | D:5      | Reached skill level 5 in Axes
  4017 | D:5      | Found a radiant altar of Vehumet.
  4028 | D:5      | Reached *** piety under Trog
  4233 | D:5      | Found a bloodstained altar of Trog.
  4234 | D:5      | You fall into a shaft and drop 3 floors!
  4258 | D:8      | Reached XP level 8. HP: 67/69 MP: 7/7
  4605 | D:6      | Reached skill level 8 in Shields
  5139 | D:6      | Reached XP level 9. HP: 54/79 MP: 8/8
  5285 | D:6      | Reached **** piety under Trog
  5370 | D:7      | Found a faded altar of an unknown god.
  5374 | D:7      | Found a staircase to the Ecumenical Temple.
  5804 | D:7      | Found Ycaxt's Assorted Antiques.
  5808 | D:7      | Bought a viscous golden potion for 19 gold pieces
  5808 | D:7      | Bought a scroll labeled HEL FEMNUTUDYL for 22 gold pieces
  6082 | Temple   | Entered the Ecumenical Temple
  6186 | D:8      | Found a staircase to the Lair.
  6268 | D:8      | Reached skill level 9 in Shields
  6301 | D:8      | Reached skill level 5 in Armour
  6331 | D:8      | Found a shattered altar of Ashenzari.
  6332 | D:8      | Noticed Joseph
  6351 | D:8      | Killed Joseph
  6612 | D:8      | Reached skill level 5 in Dodging
  6840 | D:9      | Found a staircase to the Orcish Mines.
  6878 | D:9      | Noticed Gastronok
  6891 | D:9      | Killed Gastronok
  6891 | D:9      | Reached skill level 10 in Shields
  6891 | D:9      | Reached XP level 10. HP: 90/90 MP: 9/9
  6898 | D:9      | Got a pair of buzzing gloves
  6909 | D:9      | Identified the +0 pair of gloves of Gravity {rElec rPois
                  | Dex+4} (You found it on level 9 of the Dungeon)
  7318 | D:10     | Entered Level 10 of the Dungeon
  8011 | D:10     | Got a faintly glowing ring mail
  8012 | D:10     | Identified the +0 ring mail of Mumblety Peg {-Tele rC++
                  | Int+2} (You found it on level 10 of the Dungeon)
  8390 | D:11     | Noticed a two-headed ogre
  8399 | D:11     | Killed a two-headed ogre
  8399 | D:11     | Reached skill level 5 in Throwing
  8470 | D:11     | Noticed a two-headed ogre
  8482 | D:11     | Killed a two-headed ogre
  8482 | D:11     | Reached XP level 11. HP: 89/99 MP: 10/10
  8648 | D:11     | Noticed Erolcha
  8656 | D:11     | Splashed by Erolcha's acid

Illustrated notes

Levels and vault maps discovered:
D:1:      lightli_arrival_chessboard, layout_rooms, minmay_ruptured
D:2:      layout_loops_cross, zin_angel, chequers_jeans, nrook_uturn,
          serial_bayou_pond_c
D:3:      layout_loops_cross, lemuel_doored_altar, lemuel_crystal_altar,
          grunt_qazlal_clouds, ebering_ghost_reflecting_pool, fedhas_altar_3
D:4:      layout_basic, nicolae_overflow_hidden_temple, first_ration
D:5:      layout_loops_ring, vehumet_altar_wand_db, basic_altar,
          trog_hazing_becter
D:6:      layout_gridville
D:7:      layout_basic, nicolae_temple_entry_ecumenical, serial_shops,
          shop_statue, nicolae_lava_and_water
D:8:      layout_basic, old_standard_altar, the_bakery, uniq_joseph
D:9:      layout_rooms, orc_0_dummy, uniq_gastronok
D:10:     layout_basic, serial_curves, eino_curves_01, eino_curves_01,
          eino_curves_02, eino_curves_02
D:11:     layout_irregular_city, minmay_fire_ice_demons, uniq_erolcha
Temple:   nicolae_temple_great_sept

Skill      XL: |  1  2  3  4  5  6  7  8  9 10 |
---------------+-------------------------------+-----
Fighting       | 4 5 7 8 9 |  9.9
Axes           | 4 5 6 8 9 |  9.8
Throwing       | 1 2 3 4 5 |  5.1
Shields        | 3 6 7 8 10 | 10.9
Armour         | 3 4 6 |  6.8
Dodging        | 3 4 5 6 |  6.2

Action                   |  1- 3 |  4- 6 |  7- 9 | 10-12 || total
-------------------------+-------+-------+-------+-------++-------
Melee: Hand axe          |    92 |    83 |   308 |   151 ||   634
       Headbutt          |    16 |    15 |    73 |    53 ||   157
Throw: Throwing net      |       |       |     1 |     2 ||     3
Invok: Berserk           |     1 |     2 |     4 |     4 ||    11
       Trog's Hand       |       |     1 |     2 |     1 ||     4
  Use: Scroll            |       |       |     2 |     1 ||     3
 Stab: Held in net/web   |       |       |       |     1 ||     1
  Eat: Chunk             |     2 |     8 |    16 |     6 ||    32
       Ration            |       |       |       |     1 ||     1
Armor: Chain mail        |    52 |    33 |    65 |    54 ||   204
       Animal skin       |     4 |       |       |       ||     4
Dodge: Dodged            |    50 |    40 |    73 |    32 ||   195
Block: Kite shield       |       |    12 |   171 |    90 ||   273
